 Dungeon Crawl Stone Soup version 0.23.1 (webtiles) character file.

Game seed: 8437570954218367139

18060 Borgoz the Fighter (level 12, -9/76 HPs)
             Began as a Gargoyle Gladiator on Mar 7, 2019.
             Was a Follower of Ashenzari.
             Mangled by a five-headed hydra (11 damage)
             ... on level 10 of the Dungeon.
             The game lasted 00:27:52 (13137 turns).

Borgoz the Fighter (Gargoyle Gladiator)            Turns: 13137, Time: 00:27:53

Health: -9/76      AC: 19    Str: 29    XL:     12   Next: 54%
Magic:  19/20      EV: 15    Int: 11    God:    Ashenzari [*.....]
Gold:   827        SH:  0    Dex: 12    Spells: 11/22 levels left

rFire    . . .     SeeInvis .   C - +4 mace "Kahuym Foja" {crush, Str+4}
rCold    . . .     Gourm    .   (no shield)
rNeg     + . .     Faith    .   L - +0 troll leather armour
rPois    ∞         Spirit   .   c - +1 helmet
rElec    +         Reflect  .   k - +0 cloak (curse)
rCorr    .         Harm     .   x - +0 pair of gloves (curse)
MR       .....                  (no boots)
Stlth    +++.......             (no amulet)
HPRegen  0.62/turn              H - +5 ring of strength (curse)
MPRegen  0.17/turn              y - ring of wizardry

@: very slightly contaminated
A: negative energy resistance 1, electricity resistance, unbreathing,
petrification resistance, rot immunity, AC +8
a: Curse Item, Scrying, Renounce Religion


You were on level 10 of the Dungeon.
You worshipped Ashenzari.
Ashenzari was aware of your devotion.
You were not hungry.

You visited 3 branches of the dungeon, and saw 14 of its levels.
You also visited: Ossuary.

You collected 827 gold pieces.

Inventory:

Hand Weapons
 m - a +0 blowgun
 v - a +1 whip of flaming
 C - the +4 mace "Kahuym Foja" (weapon) {crush, Str+4}
   (You found it on level 10 of the Dungeon)

   It inflicts extra damage upon your enemies.
   It affects your strength (+4).
 D - a +4 dagger of chaos
 K - a +0 mace of crushing
Missiles
 d - 3 throwing nets (quivered)
 h - 2 javelins
 l - 79 poisoned needles
 o - 3 curare-tipped needles
 r - 16 tomahawks
Armour
 c - a +1 helmet (worn)
 k - a cursed +0 cloak (worn)
 x - a cursed +0 pair of gloves (worn)
 L - a +0 troll leather armour (worn)
Jewellery
 s - an uncursed ring of protection from cold
 y - a ring of wizardry (right hand)
 E - an uncursed ring of positive energy
 G - an uncursed ring of positive energy
 H - a cursed +5 ring of strength (left hand)
 M - an uncursed amulet of the gourmand
Wands
 p - a wand of digging (18)
 B - a wand of paralysis (1)
 J - a wand of disintegration (9)
 P - a wand of random effects (15)
 Q - a wand of enslavement (9)
Scrolls
 a - a scroll of amnesia
 b - 2 scrolls of teleportation
 i - a scroll of acquirement {unknown}
 j - 5 scrolls of identify
 t - 3 scrolls of enchant armour
 z - a scroll of fog
 A - 2 scrolls of immolation {unknown}
 F - 2 scrolls of magic mapping
 I - 3 scrolls of noise {unknown}
Potions
 g - 2 potions of curing
 n - 2 potions of flight
 u - 3 potions of magic
 w - a potion of mutation
 N - a potion of cancellation
Comestibles
 f - 20 rations


   Skills:
 + Level 9.5 Fighting
 + Level 9.1 Maces & Flails
 - Level 1.7 Throwing
 + Level 9.2 Armour
 + Level 7.5 Dodging
 + Level 7.2 Stealth
 + Level 5.6 Spellcasting
 + Level 2.1 Conjurations
 + Level 5.6 Hexes
 + Level 1.4 Air Magic
 + Level 1.8 Poison Magic


You had 11 spell levels left.
You knew the following spells:

 Your Spells              Type           Power        Failure   Level  Hunger
a - Blink                 Tloc           N/A          13%         2    ##.....
b - Mephitic Cloud        Conj/Pois/Air  #.......     12%         3    ###....
c - Confuse               Hex            ###.....     2%          3    ###....
d - Confusing Touch       Hex            ###...       1%          1    None
e - Slow                  Hex            ###.....     1%          2    ##.....

Your spell library contained the following spells:

 Spells                   Type           Power        Failure   Level  Hunger
 Magic Dart               Conj           #...         3%          1    None
 Freeze                   Ice            #...         9%          1    None
 Throw Frost              Conj/Ice       #.....       9%          2    ##.....
 Call Imp                 Summ           #.......     13%         2    ##.....
 Conjure Flame            Conj/Fire      #.......     16%         3    ###....
 Gell's Gravitas          Tloc           #.........   26%         3    ###....
 Ozocubu's Armour         Chrm/Ice       #.......     26%         3    ###....
 Throw Icicle             Conj/Ice       #.......     45%         4    ####...
 Metabolic Englaciation   Hex/Ice        #.........   56%         5    ######.
 Yara's Violent Unravell  Hex/Tmut       #.........   56%         5    ######.
 Petrify                  Tmut/Erth      #.......     61%         4    ####...
 Summon Ice Beast         Ice/Summ       #.......     61%         4    ####...


Dungeon Overview and Level Annotations

Branches:
Dungeon (12/15)            Temple (1/1) D:7            Lair (1/6) D:10
    Orc (0/2) D:9

Altars:
Ashenzari
Cheibriados
Dithmenos
Elyvilon
Fedhas
Gozag
Hepliaklqana
Kikubaaqudgha
Makhleb
Nemelex Xobeh
Okawaru
Qazlal
Ru
Sif Muna
Trog
Uskayaw
Vehumet
Wu Jian
Xom
Yredelemnul
Zin
The Shining One

Portals:
Trove: D:10 (give +4 ice dragon scales)


Innate Abilities, Weirdness & Mutations

You are resistant to torment.
Your stone body is resilient. (AC +8)
You are immune to poison.
You resist negative energy. (rN+)
You are resistant to electric shocks. (rElec)
You can survive without breathing.
You are immune to petrification.
You are immune to rotting.


Message History

Aim: a five-headed hydra (heavily wounded, chance to defeat MR: 15%)
Okay, then.
Casting: Confuse (safe; 2% risk of failure)
Confirm with . or Enter, or press ? or * to list all spells.
Your hands begin to glow red.
The five-headed hydra bites you.
* * * LOW HITPOINT WARNING * * *
The five-headed hydra bites you but does no damage.
The five-headed hydra bites you!
* * * LOW HITPOINT WARNING * * *
The five-headed hydra barely misses you.
The five-headed hydra bites you!
* * * LOW HITPOINT WARNING * * *
You hit the five-headed hydra but do no damage.
The five-headed hydra is heavily wounded.
You hit the five-headed hydra but do no damage.
The five-headed hydra appears confused.
The five-headed hydra is heavily wounded.
The five-headed hydra barely misses you.
The five-headed hydra misses you. The five-headed hydra bites you!
You die...

##...##.....................#####
.....##.....................# #<#
.....##.....................# #.#
...............#.##.........# #.#
.....##.....................# #.#
..#####.......###'#.........# #.#
### ########.........##'#)# #.#
#########..............##.#.# #.#
........#.......@.....###.#.# #.#
#######.#.....!.D.....###.#.###..
## #.#..............##........ .#
#.#.......###....##.#.###..
.######'#....#...≈...#.####..#...
............#..#...#..#####..#..#
............#.##...##.#...#..#..#
............#...PPPP..#.........#
..÷.........#≈..PDP..≈#...#..#.##


You could see a five-headed hydra (confused).

Vanquished Creatures
  Kirke (D:12)
  6 two-headed ogres
  2 wizards
  Pikel (D:4)
  An ugly thing (D:11)
  Psyche (D:8)
  A gargoyle (D:10)
  2 trolls (D:10)
  5 hippogriffs
  5 yaks (D:10)
  A spriggan (D:9)
  2 wyverns
  A wraith (D:10)
  2 hogs (D:12)
  A steam dragon (D:9)
  3 hungry ghosts
  2 water moccasins
  An orc warrior (D:9)
  3 sky beasts
  An ice beast (D:8)
  A hornet zombie (D:9)
  A necrophage (D:10)
  An eye of draining (D:12)
  3 phantoms
  A black bear (D:6)
  6 ogres
  11 centaurs
  A crocodile (D:8)
  A big kobold (D:10)
  4 bullfrogs
  2 elf zombies (Ossuary)
  2 gnoll sergeants (D:12)
  A water moccasin zombie (D:6)
  3 scorpions
  8 wights
  5 killer bees (D:9)
  9 crimson imps
  10 howler monkeys
  A quasit (D:11)
  3 centaur zombies
  7 hounds
  A human zombie (Ossuary)
  6 orc priests
  3 jellies
  8 orc wizards
  2 bullfrog skeletons
  2 iguanas
  2 centaur skeletons
  10 worker ants
  2 big kobold zombies (Ossuary)
  4 hound zombies
  3 mummies (Ossuary)
  3 worker ant zombies
  2 howler monkey skeletons
  14 gnolls
  10 adders
  A shadow imp (D:10)
  An ooze (D:6)
  3 adder skeletons
  An adder zombie (Ossuary)
  4 worms
  3 dart slugs
  4 leopard geckos
  31 orcs
  A ball python (D:2)
  3 giant cockroaches
  9 goblins
  7 hobgoblins
  14 jackals
  7 quokkas
  11 bats
  5 frilled lizards
  2 gnoll zombies (Ossuary)
  4 goblin zombies (Ossuary)
  7 hobgoblin zombies (Ossuary)
  3 jackal zombies (Ossuary)
  18 kobolds
  An orc zombie (Ossuary)
  2 quokka zombies
  9 rats
  3 rat zombies (Ossuary)
  A plant (D:10)
350 creatures vanquished.

Vanquished Creatures (others)
  A scorpion (D:12)
  A gnoll (D:12)
  A shadow imp (D:12)
  A leopard gecko (D:5)
  An orc (D:9)
  3 plants (D:10)
8 creatures vanquished.

Grand Total: 358 creatures vanquished

Notes
Turn   | Place    | Note
-------+----------+-------------------------------------------
     0 | D:1      | Borgoz the Gargoyle Gladiator began the quest for the Orb.
     0 | D:1      | Reached XP level 1. HP: 12/12 MP: 1/1
    60 | D:1      | Reached XP level 2. HP: 15/18 MP: 2/2
   138 | D:1      | Reached skill level 1 in Armour
   206 | D:1      | Reached XP level 3. HP: 15/22 MP: 3/3
   877 | D:2      | Reached XP level 4. HP: 28/28 MP: 4/4
  1872 | D:3      | Reached XP level 5. HP: 6/32 MP: 5/5
  2485 | D:3      | Reached XP level 6. HP: 38/38 MP: 6/6
  3281 | D:4      | Noticed a phantom
  3302 | D:4      | Killed a phantom
  3409 | D:4      | Noticed a phantom
  3464 | D:4      | Killed a phantom
  3464 | D:4      | Reached XP level 7. HP: 24/44 MP: 7/7
  3719 | D:4      | You fall through a shaft for 2 floors!
  3851 | D:6      | Reached skill level 5 in Maces & Flails
  3960 | D:6      | Reached skill level 5 in Fighting
  4061 | D:6      | Reached XP level 8. HP: 45/49 MP: 8/8
  4211 | D:5      | Entered Level 5 of the Dungeon
  4329 | D:5      | Reached skill level 5 in Armour
  4343 | D:5      | Found a sand-covered staircase.
  4408 | Ossuary  | Entered an ossuary
  4813 | Ossuary  | Reached skill level 5 in Dodging
  5171 | D:4      | Reached XP level 9. HP: 56/56 MP: 9/9
  5242 | D:4      | Learned a level 1 spell: Confusing Touch
  5246 | D:4      | Learned a level 3 spell: Confuse
  5506 | D:5      | Noticed Pikel
  5536 | D:4      | Killed Pikel
  5536 | D:4      | Reached skill level 1 in Spellcasting
  5536 | D:4      | Reached skill level 1 in Hexes
  6247 | D:6      | Reached skill level 1 in Stealth
  6778 | D:7      | Found a staircase to the Ecumenical Temple.
  6876 | Temple   | Entered the Ecumenical Temple
  7033 | Temple   | Became a worshipper of Ashenzari the Shackled
  7311 | D:8      | Noticed Psyche
  7327 | D:8      | Killed Psyche
  7327 | D:8      | Reached XP level 10. HP: 41/63 MP: 13/13
  8328 | D:9      | Found a hazy altar of Hepliaklqana.
  8369 | D:9      | Noticed a two-headed ogre
  8431 | D:9      | Found a blossoming altar of Fedhas.
  8623 | D:9      | Noticed a wizard
  8627 | D:9      | HP: 2/64 [wizard/crystal spear (55)]
  8632 | D:9      | Killed a wizard
  8658 | D:9      | Noticed a two-headed ogre
  9011 | D:9      | Killed a two-headed ogre
  9011 | D:9      | Reached XP level 11. HP: 68/68 MP: 16/16
  9050 | D:9      | Noticed a two-headed ogre
  9059 | D:9      | Killed a two-headed ogre
  9059 | D:9      | Reached skill level 5 in Stealth
  9092 | D:10     | Entered Level 10 of the Dungeon
  9477 | D:9      | Found a staircase to the Orcish Mines.
  9513 | D:9      | Killed a two-headed ogre
 10370 | D:10     | Found a portal to a secret trove of treasure.
 10464 | D:10     | Noticed a two-headed ogre
 10659 | D:10     | Got the mace "Kahuym Foja" {crush, Str+4}
 10660 | D:10     | Identified the +4 mace "Kahuym Foja" {crush, Str+4} (You
                  | found it on level 10 of the Dungeon)
 10986 | D:10     | Found a staircase to the Lair.
 11102 | D:10     | Reached * piety under Ashenzari
 11378 | D:11     | Reached skill level 5 in Hexes
 11392 | D:11     | Noticed a cyan ugly thing
 11408 | D:11     | Killed a cyan ugly thing
 11408 | D:11     | Reached skill level 5 in Spellcasting
 11737 | D:11     | Noticed a two-headed ogre
 11749 | D:11     | Killed a two-headed ogre
 11749 | D:11     | Reached XP level 12. HP: 73/76 MP: 19/19
 11924 | D:11     | Learned a level 2 spell: Blink
 11928 | D:11     | Learned a level 3 spell: Mephitic Cloud
 11931 | D:11     | Learned a level 2 spell: Slow
 12083 | D:12     | Noticed Kirke
 12320 | D:12     | Killed Kirke
 12320 | D:12     | Reached skill level 1 in Conjurations
 12320 | D:12     | Reached skill level 1 in Poison Magic
 12501 | D:12     | Reached skill level 1 in Air Magic
 12514 | D:12     | Noticed a two-headed ogre
 12523 | D:12     | Killed a two-headed ogre
 12908 | D:12     | Noticed a two-headed ogre
 12918 | D:12     | Killed a two-headed ogre
 13093 | Lair:1   | Entered Level 1 of the Lair of Beasts
 13096 | Lair:1   | Noticed a five-headed hydra
 13097 | Lair:1   | Found a hazy altar of Hepliaklqana.
 13135 | D:10     | HP: 1/76 [five-headed hydra (9)]
 13137 | D:10     | Mangled by a five-headed hydra

Skill      XL: |  1  2  3  4  5  6  7  8  9 10 11 12 |
---------------+-------------------------------------+-----
Armour         | 1 2 3 4 5 7 8 9 |  9.2
Fighting       | 3 4 5 6 7 8 9 |  9.5
Dodging        | 3 4 5 6 7 |  7.5
Maces & Flails | 4 5 6 7 8 9 |  9.1
Spellcasting   | 2 3 5 |  5.6
Hexes          | 2 3 5 |  5.6
Stealth        | 2 4 6 7 |  7.2
Conjurations   | 2 |  2.1
Poison Magic   | 1 |  1.8
Air Magic      | 1 |  1.4
Throwing       | |  1.7

Action                   |  1- 3 |  4- 6 |  7- 9 | 10-12 || total
-------------------------+-------+-------+-------+-------++-------
Melee: Flail             |    94 |   261 |   428 |   383 ||  1166
       Unarmed           |       |     5 |       |       ||     5
       Whip              |       |       |   273 |   103 ||   376
       Mace              |       |       |       |   360 ||   360
Throw: Throwing net      |       |       |       |     2 ||     2
 Cast: Confusing Touch   |       |       |     1 |     1 ||     2
Invok: Curse Item        |       |       |     2 |     1 ||     3
Evoke: Wand              |       |       |       |     8 ||     8
  Use: Potion            |       |     2 |       |    10 ||    12
       Scroll            |       |     9 |     7 |     7 ||    23
 Stab: Paralysed         |       |       |       |    10 ||    10
       Sleeping          |       |       |       |     9 ||     9
       Distracted        |       |       |       |     1 ||     1
       Held in net/web   |       |       |       |     5 ||     5
  Eat: Chunk             |       |     9 |    13 |    19 ||    41
       Ration            |       |       |       |     1 ||     1
Armor: Leather armour    |    27 |       |       |       ||    27
       Ring mail         |    19 |   139 |   343 |   168 ||   669
       Troll leather arm |       |       |       |   228 ||   228
       Skin              |       |       |       |    14 ||    14
Dodge: Dodged            |    70 |   195 |   426 |   719 ||  1410
